 Dungeon Crawl Stone Soup version 0.24-a0-271-ga0fc33f (webtiles) character file.

Game seed: 17588622035392417605

181 Hasart the Skirmisher (level 5, -7/41 HPs)
             Began as a Demonspawn Fighter on Apr 24, 2019.
             Was a Follower of Ru.
             Mangled by an ice beast (9 damage)
             ... on level 3 of the Dungeon.
             The game lasted 00:03:27 (2197 turns).

Hasart the Skirmisher (Demonspawn Fighter)          Turns: 2197, Time: 00:03:28

Health: -7/41      AC:  6    Str: 17    XL:     5   Next: 34%
Magic:  0/5        EV:  7    Int: 10    God:    Ru [*.....]
Gold:   147        SH:  9    Dex: 12    Spells: 4/4 levels left

rFire    . . .     SeeInvis .   a - +0 long sword
rCold    . . .     Gourm    .   c - +0 shield
rNeg     . . .     Faith    .   b - +0 scale mail
rPois    .         Spirit   +   (no helmet)
rElec    .         Reflect  .   (no cloak)
rCorr    .         Harm     .   (no gloves)
MR       .....                  (no boots)
Stlth    ..........             (no amulet)
HPRegen  0.13/turn              (no ring)
MPRegen  0.09/turn              (no ring)

@: no status effects
A: powered by death 1, magic shield, hated by all
a: Renounce Religion


You were on level 3 of the Dungeon.
You worshipped Ru.
Ru was aware of your devotion.
You were not hungry.

You visited 1 branch of the dungeon, and saw 3 of its levels.

You collected 147 gold pieces.

Inventory:

Hand Weapons
 a - a +0 long sword (weapon)
 s - a +1 war axe of chopping
Armour
 b - a +0 scale mail (worn)
 c - a +0 shield (worn)
Scrolls
 e - a scroll of enchant weapon {unknown}
 h - a scroll of amnesia {unknown}
 i - 4 scrolls of identify {unknown}
 j - 2 scrolls of fear {unknown}
 m - a scroll of remove curse {unknown}
 o - a scroll of fog {unknown}
 p - a scroll of enchant armour {unknown}
Potions
 d - a potion of might
 g - 4 potions of berserk rage {unknown}
 l - a potion of flight {unknown}
 n - a potion of ambrosia {unknown}
 q - a potion of brilliance {unknown}
 r - a potion of invisibility {unknown}
Comestibles
 f - 7 rations


   Skills:
 + Level 3.5 Fighting
 * Level 3.3 Long Blades
 + Level 3.3 Armour
 + Level 1.6 Dodging
 + Level 3.2 Shields


You had 4 spell levels left.
You didn't know any spells.
Your spell library was empty.

Dungeon Overview and Level Annotations

Branches:
Dungeon (3/15)

Altars:
Ru
Trog


Innate Abilities, Weirdness & Mutations

You regenerate a little health from kills.
When hurt, damage is shared between your health and your magic reserves.
You are hated by all.


Message History

The ice beast is heavily wounded.
You block the ice beast's attack.
You hit the ice beast but do no damage.
The ice beast is heavily wounded.
You block the ice beast's attack.
The ice beast hits you but does no damage.
You closely miss the ice beast.
The ice beast is heavily wounded.
The ice beast hits you. The ice beast freezes you!
You hit the ice beast.
The ice beast is severely wounded.
The ice beast hits you. The ice beast freezes you!
* * * LOW HITPOINT WARNING * * *
You slash the ice beast!
The ice beast is almost dead.
The ice beast hits you but does no damage.
The ice beast hits you.
* * * LOW HITPOINT WARNING * * *
The ice beast freezes you!
You die...

.. . ## .###.###.
.. .......%. ##.
##......# ..
........# #
##......####### #
#.......Y...... #
#......@## ###
#...
#.###....######.##
#...
#.#..........#
#...# .#
#.#########.###.#
##.### .# #
............#
...... #.####
#######.#####
##.## ####.#..
..#####.##
##.####....#.#
#........#
รท).........#.##
########.##


You could see an ice beast.

Vanquished Creatures
  A worker ant (D:3)
  3 gnolls (D:3)
  6 adders
  An ooze (D:1)
  A worm (D:2)
  A dart slug (D:1)
  A leopard gecko (D:1)
  An orc (D:3)
  A giant cockroach (D:2)
  12 goblins
  7 hobgoblins
  5 jackals (D:2)
  4 kobolds
  3 quokkas (D:2)
  6 bats
  5 frilled lizards
  7 rats
65 creatures vanquished.

Notes
Turn   | Place    | Note
-------+----------+-------------------------------------------
     0 | D:1      | Hasart the Demonspawn Fighter began the quest for the Orb.
     0 | D:1      | Reached XP level 1. HP: 18/18 MP: 1/1
    68 | D:1      | Gained mutation: When hurt, damage is shared between your
                  | health and your magic reserves. [demonic ancestry]
    68 | D:1      | Reached XP level 2. HP: 17/24 MP: 2/2
   857 | D:2      | Reached XP level 3. HP: 27/29 MP: 1/3
   893 | D:2      | Found a sacrificial altar of Ru.
   907 | D:2      | Reached skill level 1 in Dodging
   919 | D:2      | Became a worshipper of Ru the Awakened
  1371 | D:2      | Gained mutation: You regenerate a little health from kills.
                  | [demonic ancestry]
  1371 | D:2      | Reached XP level 4. HP: 17/35 MP: 2/4
  1851 | D:3      | Reached XP level 5. HP: 36/41 MP: 5/5
  1919 | D:3      | Found a bloodstained altar of Trog.
  1934 | D:3      | Found a faded altar of an unknown god.
  1984 | D:3      | Gained mutation: You are hated by all. [Ru sacrifice]
  1984 | D:3      | Reached * piety under Ru
  2174 | D:3      | Noticed an ice beast
  2197 | D:3      | HP: 2/41 [ice beast (2)]
  2197 | D:3      | Mangled by an ice beast

Levels and vault maps discovered:
D:1:      dpeg_arrival_ternary, layout_basic
D:2:      kennysheep_the_goblin_king, layout_rooms,
          nicolae_ru_great_annihilating_truth
D:3:      layout_basic, bloody_trog, dancing_weapons_uskayaw, first_ration,
          chequers_ecumenical_altar_island

Skill      XL: |  1  2  3  4 |
---------------+-------------+-----
Long Blades    | 2 3 |  3.3
Dodging        | 1 |  1.6
Armour         | 3 |  3.3
Shields        | 3 |  3.2
Fighting       | |  3.5

Action                   |  1- 3 |  4- 6 || total
-------------------------+-------+-------++-------
Melee: Long sword        |   132 |   133 ||   265
Invok: Sacrifice Love    |       |     1 ||     1
 Stab: Paralysed         |     2 |       ||     2
  Eat: Chunk             |     2 |     3 ||     5
Armor: Scale mail        |    91 |    76 ||   167
Dodge: Dodged            |    47 |    51 ||    98
Block: Shield            |    82 |    82 ||   164
       Rpst.: Long sword |    11 |    16 ||    27

Table legend:
 A = Non-vault XP
 B = Vault XP
 C = Vault XP percentage of total XP
 D = Non-vault monster count
 E = Vault monster count
 F = Vault count percentage of total count
                 A         B        C        D         E       F
            +---------+---------+-------+---------+---------+-------
      Total |     239 |      20 |   7.7 |      54 |      11 |  16.9
            +---------+---------+-------+---------+---------+-------
        D:1 |      29 |       0 |   0.0 |      14 |       0 |   0.0
        D:2 |      95 |      20 |  17.4 |      26 |      11 |  29.7
        D:3 |     115 |       0 |   0.0 |      14 |       0 |   0.0
            +---------+---------+-------+---------+---------+-------
